AoeStats
← LRNI Streck

African Clearing

510844177Analyzed
3v3 RM · 9h ago on Oct 2, 2026· 34m 10s· 6 players
Game mode
Random Map
Map size
Normal (6 player)
Population
200
Speed
Normal
Resources
Standard
Victory
Conquest
Starting age
Dark Age
Ending age
Imperial Age
RankedLock teamsTeams togetherTeam positionsShared explorationLock speedFull tech treeHidden civsTurbo modeCheats
Victory
Defeat
🇲🇽 Mongols · Mexico
1080
+13
🇨🇱 Franks · Chile
1043
+14
🇪🇸 Lithuanians · Spain
975
+17
🇩🇪 Khmer · Germany
1048
-17
🇩🇪 Huns · Germany
1007
-15
🇩🇪 Wu · Germany
945
-12
Leinad89
13:36 Feudal Age
14:12 Man-at-Arms
21:04 Bloodlines
26:56 Castle Age
26:51 Loom
29:27 Fletching
30:57 Bodkin Arrow
30:56 Pikeman
33:32 Padded Archer Armor
33:49 Double-Bit Axe
KikeCr2
4:11 Loom
14:58 Feudal Age
16:48 Scale Barding Armor
16:55 Bloodlines
26:11 Castle Age
24:46 Arson
25:33 Double-Bit Axe
25:30 Horse Collar
26:56 Husbandry
29:13 Chain Barding Armor
34:10 Forging
34:26 Squires
LRNI Streck
11:03 Loom
13:55 Feudal Age
17:59 Wheelbarrow
17:52 Forging
21:09 Town Watch
21:19 Fletching
29:11 Castle Age
28:55 Gold Mining
29:20 Double-Bit Axe
30:12 Scale Barding Armor
30:22 Pikeman
32:56 Hand Cart
cas
6:16 Loom
14:51 Feudal Age
17:51 Castle Age
Darth
15:42 Feudal Age
20:38 Castle Age
21:48 Double-Bit Axe
25:29 Loom
30:57 Bow Saw
31:38 Horse Collar
32:23 Husbandry
32:33 Bloodlines
33:58 Scale Barding Armor
Ariakan
7:22 Loom
11:44 Loom
13:50 Feudal Age
18:30 Castle Age
17:17 Forging
16:59 Double-Bit Axe
19:15 Husbandry
26:41 Squires
26:02 Pikeman
31:44 Scale Barding Armor
34:47 Wheelbarrow
34:28 Bloodlines
Connection lost

Rejoining the realm…

Still unreachable

The connection could not be restored.

Session expired

The server has moved on; the page needs a fresh start.